 Dungeon Crawl Stone Soup version 0.29.0-15-g675c0067aa (webtiles) character file.

Game seed: 16775187162177858049

273 qw the Chopper (level 6, -4/52 HPs)
             Began as a Minotaur Berserker on Sept 11, 2022.
             Was a Believer of Trog.
             Slain by a gnoll sergeant
             ... wielding a +1 trident of flaming
              (14 damage)
             ... on level 5 of the Dungeon.
             The game lasted 00:00:55 (3320 turns).

qw the Chopper (Minotaur Berserker)                 Turns: 3320, Time: 00:00:55

Health: -4/52      AC:  8    Str: 24    XL:     6   Next: 3%
Magic:  5/5        EV:  8    Int:  4    God:    Trog [**....]
Gold:   170        SH:  0    Dex:  9    Spells: 5/5 levels left

rFire   . . .      SeeInvis .   Y - +2 hand axe
rCold   . . .      Faith    .   (no shield)
rNeg    . . .      Spirit   .   c - +0 chain mail {rPois}
rPois   +          Reflect  .   (helmet restricted)
rElec   .          Harm     .   (no cloak)
rCorr   .          Rampage  .   (no gloves)
Will    .....                   (no boots)
Stlth   ..........              (no amulet)
HPRegen 0.17/turn               (no ring)
MPRegen 0.09/turn               (no ring)

@: on berserk cooldown, slowed, very slow
A: horns 2, retaliatory headbutt
a: Renounce Religion, Berserk, Trog's Hand


You were on level 5 of the Dungeon.
You worshipped Trog.
Trog was pleased with you.
You visited 1 branch of the dungeon, and saw 5 of its levels.

You collected 170 gold pieces.


Innate Abilities, Weirdness & Mutations

You have a pair of horns on your head.
You reflexively headbutt those who attack you in melee.


   Skills:
 - Level 4.1 Fighting
 + Level 7.7 Axes
 - Level 1.0 Throwing
 - Level 2.4 Armour
 - Level 2.1 Dodging


You had 5 spell levels left.
You didn't know any spells.
Your spell library was empty.

Inventory:

Hand Weapons
 b - a +0 flail
 Y - a +2 hand axe (weapon)
Armour
 c - a +0 chain mail of poison resistance (worn)
 i - the +0 chain mail of Hedonism {Dex+5}
   (You found it on level 3 of the Dungeon)

   Dex:       It affects your dexterity (+5).
Jewellery
 a - the ring of Veasch {Fly rPois}
   (You acquired it on level 6 of the Dungeon)

   [ring of flight]

   rPois:     It protects you from poison.
   Fly:       It grants you flight.
Scrolls
 j - a scroll of identify
Potions
 f - a potion of haste

Dungeon Overview and Level Annotations

Branches:
Dungeon (6/15)             Temple (0/1) D:6

Altars:
Makhleb


Message History

You hit the gnoll sergeant but do no damage.
You headbutt the gnoll sergeant.
The gnoll sergeant is severely wounded.
The gnoll sergeant hits you with a +1 trident of flaming!
The gnoll sergeant burns you.
A gnoll comes into view. It is wielding a +0 halberd.
A gnoll comes into view. It is wielding a +0 spear.
The gnoll sergeant hits you with a +1 trident of flaming!
The gnoll sergeant burns you.
You hit the gnoll sergeant but do no damage.
The gnoll sergeant is severely wounded.
The gnoll sergeant hits you but does no damage.
You barely miss the gnoll sergeant.
The gnoll sergeant is severely wounded.
The gnoll sergeant hits you with a +1 trident of flaming.
The gnoll sergeant burns you.
A gnoll comes into view. It is wielding a +0 spear.
You slash the gnoll sergeant! The gnoll sergeant blocks your attack.
The gnoll sergeant is almost dead.
The gnoll sergeant hits you with a +1 trident of flaming.
The gnoll sergeant burns you.
The gnoll hits you from afar with a +0 halberd.
The gnoll hits you with a +0 club. The gnoll sergeant barely misses you.
3319 ||| DRINKING potion of heal wounds.
You feel much better. The gnoll hits you with a +0 club.
The gnoll hits you from afar with a +0 halberd!
The gnoll hits you from afar with a +0 spear.
You completely miss the gnoll sergeant.
You headbutt the gnoll sergeant, but do no damage.
The gnoll sergeant is almost dead.
You barely miss the gnoll.
The gnoll sergeant hits you but does no damage.
The gnoll hits you but does no damage.
A gnoll comes into view. It is wielding a +0 spear.
The gnoll hits you from afar with a +0 halberd.
The gnoll barely misses you. The gnoll closely misses you.
The gnoll hits you but does no damage. The gnoll hits you with a +0 club.
The gnoll sergeant hits you with a +1 trident of flaming!
You die...

## . ####. .. . #..
.###.#
#...###g###....#
#.ggg.@....######
.....gg)##.......##
..#.#####..##...>.#
# #.###.#####
#.....%.# (..######
#..# .... ...


You could see a gnoll sergeant and 5 gnolls.

Vanquished Creatures
  A scorpion (D:5)
  An orc priest (D:3)
  An iguana (D:5)
  Terence (D:2)
  2 orc wizards (D:5)
  3 adders
  A worm (D:2)
  A dart slug (D:1)
  3 orcs
  9 endoplasms
  A giant cockroach (D:2)
  2 goblins
  6 hobgoblins
  3 jackals
  4 kobolds
  2 quokkas
  2 ball pythons
  4 bats
  A frilled lizard (D:3)
  2 rats
50 creatures vanquished.

Notes
Turn   | Place    | Note
-------+----------+-------------------------------------------
     0 | D:1      | qw the Minotaur Berserker began the quest for the Orb.
     0 | D:1      | Reached XP level 1. HP: 19/19 MP: 0/0
     0 | D:1      | 0 ||| qw: Version: 0.1-a-119-g272c26d
     0 | D:1      | 0 ||| qw: Game counter: 10717
     0 | D:1      | 0 ||| qw: Always use a shield: true
     0 | D:1      | 0 ||| qw: Do Orc after D:15 true
     0 | D:1      | 0 ||| qw: Do second Lair branch before Depths: true
     0 | D:1      | 0 ||| qw: Lair rune preference: random
     0 | D:1      | 0 ||| qw: Plans: Normal
     0 | D:1      | 0 ||| PLANNING D:1-11
    92 | D:1      | Reached skill level 4 in Axes
   184 | D:1      | 184 ||| INVOKING Berserk.
   187 | D:1      | Reached XP level 2. HP: 13/25 MP: 1/1
   912 | D:1      | 912 ||| Stepping ~*~*~tactically~*~*~ (hiding).
  1014 | D:1      | 1014 ||| Stepping ~*~*~tactically~*~*~ (hiding).
  1216 | D:1      | 1216 ||| READING scroll labelled JEUPUD RUELA.
  1217 | D:1      | 1217 ||| READING scroll labelled ACUQOA TAXKU.
  1218 | D:1      | 1218 ||| READING scroll labelled ZEVOTO GIDE.
  1219 | D:1      | 1219 ||| READING scroll labelled SUSUIKHLEIGG.
  1220 | D:1      | 1220 ||| READING 3 scrolls labelled POUROL ZAON.
  1221 | D:1      | 1221 ||| READING scroll labelled TUNUANNA OGAE.
  1222 | D:1      | 1222 ||| READING 2 scrolls of identify.
  1222 | D:1      | 1222 ||| IDENTIFYING dark potion
  1271 | D:2      | 1271 ||| STAIRDANCE
  1275 | D:2      | 1275 ||| STAIRDANCE
  1280 | D:2      | 1280 ||| STAIRDANCE
  1321 | D:2      | 1321 ||| STAIRDANCE
  1389 | D:2      | Reached skill level 5 in Axes
  1528 | D:2      | Reached skill level 1 in Throwing
  1528 | D:2      | Reached XP level 3. HP: 31/31 MP: 2/2
  1609 | D:2      | Noticed Terence
  1614 | D:2      | 1614 ||| INVOKING Berserk.
  1622 | D:2      | Killed Terence
  1686 | D:2      | 1686 ||| DROPPING +1 whip of draining.
  2063 | D:2      | 2063 ||| INVOKING Berserk.
  2067 | D:2      | Reached XP level 4. HP: 39/39 MP: 3/3
  2307 | D:2      | Reached skill level 6 in Axes
  2671 | D:2      | 2671 ||| UPGRADING to +0 chain mail.
  2681 | D:2      | 2681 ||| DROPPING +0 animal skin.
  2682 | D:2      | 2682 ||| READING 2 scrolls of identify.
  2682 | D:2      | 2682 ||| IDENTIFYING green potion
  2683 | D:2      | 2683 ||| DROPPING potion of degeneration.
  2731 | D:3      | 2731 ||| Stepping ~*~*~tactically~*~*~ (stealth).
  2732 | D:3      | 2732 ||| Stepping ~*~*~tactically~*~*~ (stealth).
  2755 | D:3      | 2755 ||| Stepping ~*~*~tactically~*~*~ (stealth).
  2764 | D:3      | 2764 ||| DROPPING +3 mace of protection.
  2765 | D:3      | 2765 ||| Stepping ~*~*~tactically~*~*~ (stealth).
  2766 | D:3      | 2766 ||| Stepping ~*~*~tactically~*~*~ (stealth).
  2769 | D:3      | 2769 ||| Stepping ~*~*~tactically~*~*~ (stealth).
  2771 | D:3      | 2771 ||| Stepping ~*~*~tactically~*~*~ (stealth).
  2772 | D:3      | 2772 ||| Stepping ~*~*~tactically~*~*~ (stealth).
  2773 | D:3      | 2773 ||| INVOKING Berserk.
  2870 | D:3      | Reached ** piety under Trog
  2884 | D:3      | Identified the +0 chain mail of Hedonism {Dex+5}
  3058 | D:3      | You fall into a shaft and drop 3 floors!
  3068 | D:6      | Found a staircase to the Ecumenical Temple.
  3096 | D:6      | Found a burning altar of Makhleb.
  3128 | D:6      | Reached XP level 5. HP: 43/45 MP: 4/4
  3156 | D:6      | 3156 ||| UPGRADING to +0 chain mail of poison resistance.
  3166 | D:6      | 3166 ||| DROPPING +0 chain mail.
  3167 | D:6      | 3167 ||| READING scroll labelled DEITRETSIOL.
  3167 | D:6      | Identified a scroll of acquirement
  3167 | D:6      | 3167 ||| ACQUIRING ring of Veasch {Fly rPois}
  3167 | D:6      | Acquired the ring of Veasch {Fly rPois}
  3169 | D:6      | 3169 ||| READING 2 scrolls labelled ICKUTA VOXT.
  3170 | D:6      | 3170 ||| READING scroll of enchant weapon.
  3170 | D:6      | 3170 ||| ENCHANTING +1 hand axe.
  3171 | D:6      | 3171 ||| READING scroll labelled ZOJAEKKOCIY.
  3272 | D:6      | 3272 ||| READING 2 scrolls of identify.
  3272 | D:6      | 3272 ||| IDENTIFYING bubbling inky potion
  3279 | D:5      | Entered Level 5 of the Dungeon
  3290 | D:5      | Reached skill level 7 in Axes
  3299 | D:5      | 3299 ||| DRINKING potion of curing.
  3299 | D:5      | 3299 ||| (to cure confusion)
  3301 | D:5      | 3301 ||| INVOKING Berserk.
  3313 | D:5      | Reached XP level 6. HP: 52/52 MP: 5/5
  3318 | D:5      | HP: 13/52 [gnoll sergeant/+1 trident of flaming (1)]
  3319 | D:5      | 3319 ||| DRINKING potion of heal wounds.
  3320 | D:5      | Slain by a gnoll sergeant

Levels and vault maps discovered:
D:1:      saegor_arrival_simple_d, layout_loops_ring
D:2:      layout_basic, minmay_misc_feat_nine_boxes, roderic_roman_lattice,
          uniq_terence
D:3:      layout_loops_cross, chei_slow_surprise,
          gammafunk_temple_overflow_statue, amcnicky_mini_pool_small
D:5:      layout_rooms, grunt_temple_overflow_forces_of_nature
D:6:      layout_loops_ring, mainiacjoe_overflow_six_doors_small,
          mainiacjoe_overflow_alcove_4, minmay_temple_entry_arrows,
          minmay_misc_feat_alley, minmay_misc_feat_enclosed

Skill      XL: |  1  2  3  4  5 |
---------------+----------------+-----
Axes           | 4 5 6 7 |  7.7
Throwing       | 1 |  1.0
Fighting       | 4 |  4.1
Armour         | |  2.4
Dodging        | |  2.1

Action                   |  1- 3 |  4- 6 || total
-------------------------+-------+-------++-------
Melee: Hand axe          |    56 |    61 ||   117
       Headbutt          |    10 |     9 ||    19
       Punch             |       |     1 ||     1
Throw: Javelin           |     9 |     7 ||    16
Invok: Berserk           |     3 |     2 ||     5
  Use: Scroll            |     7 |     6 ||    13
       Potion            |       |     2 ||     2
Armor: Animal skin       |    10 |     3 ||    13
       Chain mail        |       |    27 ||    27
Dodge: Dodged            |    29 |    20 ||    49

Table legend:
 A = Non-vault XP
 B = Vault XP
 C = Vault XP percentage of total XP
 D = Non-vault monster count
 E = Vault monster count
 F = Vault count percentage of total count
                 A         B        C        D         E       F
            +---------+---------+-------+---------+---------+-------
      Total |     355 |      36 |   9.2 |      49 |       1 |   2.0
            +---------+---------+-------+---------+---------+-------
        D:1 |      29 |       0 |   0.0 |      15 |       0 |   0.0
        D:2 |      55 |      36 |  39.6 |      16 |       1 |   5.9
        D:3 |      66 |       0 |   0.0 |      12 |       0 |   0.0
        D:5 |     192 |       0 |   0.0 |       5 |       0 |   0.0
        D:6 |      13 |       0 |   0.0 |       1 |       0 |   0.0
            +---------+---------+-------+---------+---------+-------
